 Dungeon Crawl Stone Soup version 0.23.2-40-g277498a001 (webtiles) character file.

Game seed: 18158803684492020884

655 Hylith the Ruffian (level 7, -8/70 HPs)
             Began as a Troll Fighter on Aug 14, 2019.
             Killed from afar by Dowan (15 damage)
             ... with a shard of ice
             ... on level 5 of the Dungeon.
             The game lasted 00:04:25 (2453 turns).

Hylith the Ruffian (Troll Fighter)                  Turns: 2453, Time: 00:04:25

Health: -8/70      AC:  6    Str: 27    XL:     7   Next: 29%
Magic:  6/6        EV: 10    Int:  4    God:
Gold:   220        SH:  9    Dex:  9    Spells: 6/6 levels left

rFire    . . .     SeeInvis .     - Unarmed
rCold    . . .     Gourm    +   b - +0 shield
rNeg     . . .     Faith    .   a - +0 robe
rPois    .         Spirit   .   (helmet restricted)
rElec    .         Reflect  .   (no cloak)
rCorr    .         Harm     .   (gloves unavailable)
MR       +....                  (boots unavailable)
Stlth    +.........             o - amulet of rage
HPRegen  0.61/turn              w - +1 ring of evasion
MPRegen  0.10/turn              p - ring of protection from magic

@: no status effects
A: large, unfitting armour, claws 3, fast metabolism 3, gourmand, regeneration
1, shaggy fur 1, tough skin 3
a: Evoke Berserk Rage


You were on level 5 of the Dungeon.
You were not hungry.

You visited 2 branches of the dungeon, and saw 6 of its levels.

You collected 220 gold pieces.

Inventory:

Hand Weapons
 c - the +6 spear of the Ancient Seas {pierce, rPois rF+ rN+ Int-5}
   (You found it on level 4 of the Dungeon)

   It inflicts extra damage upon your enemies.
   It affects your intelligence (-5).
   It protects you from fire.
   It protects you from poison.
   It protects you from negative energy.
Armour
 a - a +0 robe (worn)
 b - a +0 shield (worn)
Jewellery
 f - an uncursed ring of protection from cold
 o - an amulet of rage (around neck)
 p - a ring of protection from magic (right claw)
 w - a +1 ring of evasion (left claw)
 y - an uncursed ring of see invisible
Scrolls
 e - a scroll of fear {unknown}
 h - 2 scrolls of blinking {unknown}
 i - 2 scrolls of amnesia {unknown}
 j - 3 scrolls of remove curse {unknown}
 m - 2 scrolls of identify {unknown}
 n - 4 scrolls of teleportation {unknown}
 q - a scroll of enchant armour {unknown}
 t - a scroll of immolation {unknown}
 x - a scroll of fog {unknown}
 A - a scroll of noise {unknown}
Potions
 g - 2 potions of lignification {unknown}
 k - a potion of mutation {unknown}
 l - 3 potions of heal wounds {unknown}
 r - 2 potions of flight {unknown}
 s - 3 potions of curing {unknown}
 u - 2 potions of cancellation {unknown}
 v - a potion of degeneration {unknown}
 z - a potion of berserk rage {unknown}
Comestibles
 d - 10 rations


   Skills:
 + Level 4.0 Fighting
 - Level 3.0 Dodging
 + Level 4.0 Shields
 * Level 5.7 Unarmed Combat


You had 6 spell levels left.
You didn't know any spells.
Your spell library was empty.

Dungeon Overview and Level Annotations

Branches:
Dungeon (5/15)             Temple (1/1) D:4

Altars:
Cheibriados
Elyvilon
Fedhas
Gozag
Hepliaklqana
Kikubaaqudgha
Okawaru
Qazlal
Ru
Sif Muna
Trog
Uskayaw
Vehumet
Wu Jian
Xom
Yredelemnul
The Shining One
Lugonu

Shops:
D:5 :

Annotations:
D:5 Dowan


Innate Abilities, Weirdness & Mutations

You are too large for most types of armour.
You have claws for hands.
Your metabolism is lightning-fast.
You like to eat raw meat.
Your natural rate of healing is unusually fast.
You are covered in fur. (AC +1)
You have extremely tough skin. (AC +3)


Message History

You are too injured to fight recklessly!
Unknown command.
You are too injured to fight recklessly!
Unknown command.
You barely miss the iguana.
The iguana is almost dead.
Dowan hits you but does no damage. The iguana bites you!
You claw the iguana!
You kill the iguana!
Your Fighting skill increases to level 4!
Your Shields skill increases to level 4!
Dowan hits you but does no damage.
You scratch Dowan.
Dowan is moderately wounded.
Dowan points at you and mumbles some strange words.
The stone arrow hits you!
* * * LOW HITPOINT WARNING * * *
Dowan gestures at you while chanting. The shard of ice hits you!
You die...

###.##.#.#.#.# #.
#.#.#.#.#
.####.##.#.#.#.#
.......#.#.#.#.#
........#.#.#<#
####...........
#.#.........
#.####.#.####.##.
#.....)@.......#
######†e.........
#.........#.
#.#.#......
#.#.#......
#..........
...##.....# .#
...


You could see Dowan.

Vanquished Creatures
  Menkaure (D:4)
  Duvessa (D:5)
  A necrophage (D:4)
  A howler monkey (D:4)
  A bullfrog zombie (D:4)
  A hound (D:5)
  A centaur skeleton (D:4)
  An iguana (D:5)
  A worker ant zombie (D:5)
  A gnoll (D:1)
  7 adders
  An ooze (D:2)
  2 worms
  5 dart slugs
  2 leopard geckos
  6 orcs
  2 ball pythons
  10 bats
  2 bat zombies (D:3)
  4 giant cockroaches
  5 goblins
  6 hobgoblins
  5 frilled lizards
  11 kobolds
  12 rats
  A rat zombie (D:3)
91 creatures vanquished.

Notes
Turn   | Place    | Note
-------+----------+-------------------------------------------
     0 | D:1      | Hylith the Troll Fighter began the quest for the Orb.
     0 | D:1      | Reached XP level 1. HP: 22/22 MP: 0/0
    43 | D:1      | Reached XP level 2. HP: 25/29 MP: 1/1
   153 | D:1      | Reached XP level 3. HP: 36/36 MP: 2/2
   513 | D:2      | Reached skill level 3 in Unarmed Combat
   545 | D:2      | Reached XP level 4. HP: 40/44 MP: 3/3
   589 | D:2      | Found a glowing golden altar of the Shining One.
   871 | D:2      | Found a snail-covered altar of Cheibriados.
  1092 | D:3      | Reached XP level 5. HP: 48/53 MP: 4/4
  1199 | D:3      | Found an ornate altar of the Wu Jian Council.
  1360 | D:3      | Found an ancient bone altar of Kikubaaqudgha.
  1668 | D:4      | Found an opulent altar of Gozag.
  1668 | D:4      | Noticed a necrophage
  1675 | D:4      | Killed a necrophage
  1675 | D:4      | Reached skill level 4 in Unarmed Combat
  1751 | D:4      | Got a bloodstained spear
  1752 | D:4      | Lost intelligence.
  1752 | D:4      | Identified the +6 spear of the Ancient Seas {pierce, rPois
                  | rF+ rN+ Int-5} (You found it on level 4 of the Dungeon)
  1800 | D:4      | Found a staircase to the Ecumenical Temple.
  1822 | Temple   | Entered the Ecumenical Temple
  1898 | D:4      | Reached XP level 6. HP: 50/61 MP: 5/5
  2056 | D:4      | Noticed Menkaure
  2058 | D:4      | Killed Menkaure
  2058 | D:4      | Reached skill level 5 in Unarmed Combat
  2199 | D:4      | Found a deep blue altar of Sif Muna.
  2261 | D:4      | Found a bloodstained altar of Trog.
  2261 | D:4      | Found a hide-covered altar of Uskayaw.
  2350 | D:5      | Entered Level 5 of the Dungeon
  2388 | D:5      | Found Teimnyr's Book Emporium.
  2429 | D:5      | Reached XP level 7. HP: 66/68 MP: 6/6
  2431 | D:5      | Noticed Duvessa
  2431 | D:5      | Noticed Dowan
  2448 | D:5      | Killed Duvessa
  2453 | D:5      | Killed from afar by Dowan

Skill      XL: |  1  2  3  4  5  6  7 |
---------------+----------------------+-----
Unarmed Combat | 3 4 5 |  5.7
Fighting       | 3 4 |  4.0
Dodging        | 3 |  3.0
Shields        | 3 4 |  4.0

Action                   |  1- 3 |  4- 6 |  7- 9 || total
-------------------------+-------+-------+-------++-------
Melee: Unarmed           |    90 |   172 |    21 ||   283
  Use: Potion            |       |     1 |       ||     1
  Eat: Chunk             |    11 |    11 |       ||    22
Armor: Robe              |    41 |    54 |     4 ||    99
Dodge: Dodged            |    24 |    57 |    13 ||    94
Block: Shield            |    40 |    92 |    10 ||   142
